 Dungeon Crawl Stone Soup version 0.15.1-2-g8fbdab7 (webtiles) character file.

245 CrazyArbalest the Sneak (level 5, -23/25 HPs)
             Began as a Spriggan Enchanter on Sept 30, 2014.
             Was an Initiate of Dithmenos.
             Killed from afar by stonage's ghost (26 damage)
             ... with a stone arrow
             ... on Level 4 of the Dungeon.
             The game lasted 00:24:36 (4079 turns).

CrazyArbalest the Sneak (Spriggan Enchanter)        Turns: 4079, Time: 00:24:37

HP -23/25        AC  3     Str  4      XL: 5   Next: 83%
MP  15/16        EV 20     Int 18      God: Dithmenos [......]
Gold 210         SH  0     Dex 16      Spells:  4 memorised,  2 levels left

rFire  . . .     SeeInvis +     a - +1 dagger
rCold  . . .     Clarity  .     b - +1 robe
rNeg   . . .     rCorr    .     (shield restricted)
rPois  .         rRot     .     (helmet restricted)
rElec  .         Spirit   .     (no cloak)
SustAb .         Warding  .     (gloves unavailable)
rMut   .         Stasis   .     (boots unavailable)
Gourm  .                        (no amulet)
MR     .....                    (no ring)
                                (no ring)

@: very quick, not resistant to hostile enchantments, stealthy
A: unfitting armour, see invisible, herbivore 3, speed 3, slow metabolism 2
a: Renounce Religion


You were on level 4 of the Dungeon.
You worshipped Dithmenos.
Dithmenos was noncommittal.
You were full.

You visited 2 branches of the dungeon, and saw 5 of its levels.

You collected 210 gold pieces.

Inventory:

Hand weapons
 a - a +1 dagger (weapon)
 m - a +2 short sword of venom
 r - a +3 hunting sling
Missiles
 h - 53 bolts
 n - 16 bolts of flame
 t - 19 bolts of frost
Armour
 b - a +1 robe (worn)
Magical devices
 s - a wand of random effects (1)
 x - a wand of cold (0)
 C - a wand of fire (4)
Comestibles
 l - 2 bread rations
Scrolls
 f - 7 scrolls of remove curse {unknown}
 g - a scroll of blinking {unknown}
 i - 2 scrolls of teleportation {unknown}
 j - a scroll of fear {unknown}
 k - 3 scrolls of amnesia {unknown}
 p - a scroll of magic mapping {unknown}
 v - a scroll of enchant weapon {unknown}
 y - a scroll of fog {unknown}
 B - a scroll of identify {unknown}
Potions
 d - a potion of porridge
 e - 2 potions of heal wounds {unknown}
 o - a potion of resistance {unknown}
 q - 3 potions of magic {unknown}
 u - a potion of invisibility {unknown}
 w - a potion of curing {unknown}
 z - a potion of berserk rage {unknown}
 A - 2 potions of mutation {unknown}
 D - a potion of poison {unknown}
Books
 c - a book of Maledictions

   Spells                             Type                      Level
   *Corona                            Hexes                        1
   *Sure Blade                        Hexes/Charms                 2
   Ensorcelled Hibernation            Hexes/Ice                    2
   *Confuse                           Hexes                        3
   *Dazzling Spray                    Conjuration/Hexes            3
   Enslavement                        Hexes                        4


   Skills:
 + Level 1.0 Fighting
 + Level 1.7 Short Blades
 + Level 4.6 Dodging
 + Level 6.3 Stealth
 + Level 3.6 Spellcasting
 + Level 4.7 Hexes
 + Level 2.4 Charms
 + Level 0.4 Evocations


You had 2 spell levels left.
You knew the following spells:

 Your Spells              Type           Power        Failure   Level  Hunger
a - Corona                Hex            ###....      1%          1    None
b - Sure Blade            Hex/Chrm       ###.......   6%          2    ##.....
c - Confuse               Hex            ###.....     10%         3    ###....
d - Dazzling Spray        Conj/Hex       ##......     21%         3    ###....


Dungeon Overview and Level Annotations

Branches:
Dungeon (4/15)             Temple (1/1) D:4

Altars:
Ashenzari
Dithmenos
Fedhas
Okawaru
Qazlal
Vehumet
Xom
Zin
The Shining One

Annotations:
D:4 stonage's ghost, average DgEE


Innate Abilities, Weirdness & Mutations

You are tiny and cannot use many weapons and most armour.
You have supernaturally acute eyesight.
You are a herbivore.
You cover ground extremely quickly.
You need consume almost no food.


Message History

Casting: Dazzling Spray
Confirm with . or Enter, or press ? or * to list all spells.
You become one with your weapon.
The hound misses you.
You hit the hound.
The hound is lightly wounded.
The hound barely misses you. The hound bites you.
You barely miss the hound.
The hound is lightly wounded.
The hound barely misses you.
You hit the hound.
The hound is heavily wounded.
The hound bites you.
* * * LOW HITPOINT WARNING * * *
The hound bites you.
* * * LOW HITPOINT WARNING * * *
The bond with your blade fades away.
Stonage's ghost points at you and mumbles some strange words.
The stone arrow hits you!
Ouch! That really hurt!
You die...

#..........# ... ...####
###.###....###.####......
#...............#.....#
#...............#......
##...#..........#.....#
#...#....>.....#.....#
###.###'#####.......##
#h###...# #.........
#####..@....###(........
#...........W.l###'#....
##'####.........###.#...$
#♣...♣##.............#.###
#....%######'####....#.###
#♣...♣##......# #....#....
#.....##......###....#####
###_####......'......)....
######......#......))...


You could see a hound, stonage's ghost and a giant newt (wandering).

Vanquished Creatures
  An orc wizard (D:4)
  A worker ant (D:4)
  4 gnolls (D:4)
  7 adders
  A giant mite (D:1)
  2 worms
  5 giant geckos
  An orc (D:4)
  8 hobgoblins
  12 bats
  3 giant cockroaches
  6 giant newts
  8 goblins
  8 jackals (D:3)
  3 kobolds
  2 orc zombies (D:4)
  A quokka (D:3)
  11 rats
84 creatures vanquished.

Notes
Turn   | Place    | Note
--------------------------------------------------------------
     0 | D:1      | CrazyArbalest, the Spriggan Enchanter, began the quest for the Orb.
     0 | D:1      | Reached XP level 1. HP: 9/9 MP: 4/4
   358 | D:1      | Reached XP level 2. HP: 2/13 MP: 7/7
   640 | D:1      | Learned a level 2 spell: Sure Blade
   796 | D:1      | Reached skill level 5 in Stealth
  1623 | D:1      | Reached XP level 3. HP: 7/16 MP: 5/9
  1628 | D:1      | Learned a level 3 spell: Confuse
  2149 | D:2      | Reached skill level 1 in Charms
  2195 | D:2      | Reached XP level 4. HP: 9/21 MP: 6/12
  2788 | D:3      | Learned a level 3 spell: Dazzling Spray
  2964 | D:3      | Noticed a phantom
  3169 | D:3      | Reached XP level 5. HP: 19/25 MP: 16/16
  3701 | D:4      | Found a glowing golden altar of the Shining One.
  3829 | D:4      | Reached skill level 6 in Stealth
  3860 | D:4      | Noticed stonage's ghost (average DgEE)
  3874 | D:4      | Reached skill level 1 in Fighting
  3945 | D:4      | Found a staircase to the Ecumenical Temple.
  3954 | Temple   | Entered the Ecumenical Temple
  3985 | Temple   | Became a worshipper of Dithmenos the Shadowed
  4079 | D:4      | Killed from afar by stonage's ghost

Action                   |  1- 3 |  4- 6 || total
-------------------------+-------+-------++-------
Melee: Dagger            |   134 |   180 ||   314
 Cast: Sure Blade        |    17 |    16 ||    33
       Corona            |     5 |     6 ||    11
       Dazzling Spray    |       |     1 ||     1
Evoke: Wand              |       |    19 ||    19
 Stab: Sleeping          |     4 |    10 ||    14
       Distracted        |     1 |     1 ||     2
  Eat: Fruit             |       |     1 ||     1
       Bread ration      |       |     1 ||     1
